Map: Submarine LE

Players

Heeebster - Winner!

  • Race: Protoss Protoss
  • League: Diamond
  • Spawn Location: 11:00

Dwonker

  • Race: Zerg Zerg
  • League: Diamond
  • Spawn Location: 5:00

VOD

Have the link to the VOD?

Description

Time

  • Played on: Nov. 16, 2020, 12:57 a.m.
  • Length: 3:19
Show
View Real Time Build Order
Export as new Build Order

Heeebster Protoss - Winner!

Build Orders:  

Get SALT Encoding   

  12  0:01  Probe  
  13  0:13  Probe  
  14  0:25  Probe  
  15  0:37  Pylon  
  15  0:55  Gateway  
  15  0:56  Gateway  
  15  0:58  Gateway  
  15  1:07  Gateway  
  15  1:10  Probe  
  16  1:22  Pylon, Probe  
  17  1:41  Zealot (Chrono Boost)  
  17  1:43  Zealot (Chrono Boost)  
  23  1:53  Zealot (Chrono Boost)  
  25  1:56  Pylon  
  25  2:00  Zealot x2 (Chrono Boost)  
  31  2:16  Zealot (Chrono Boost)  
  31  2:19  Zealot (Chrono Boost)  
  31  2:20  Zealot (Chrono Boost)  
  33  2:27  Zealot  
  35  2:43  Zealot x2  
  39  2:46  Zealot  
  37  3:04  Pylon  
Show
View Real Time Build Order
Export as new Build Order

Dwonker Zerg 

Build Orders: Hatch First 

Get SALT Encoding   

  12  0:02  Drone  
  13  0:12  Overlord  
  13  0:18  Drone  
  14  0:31  Drone x2  
  14  0:35  Drone  
  17  0:52  Hatchery  
  17  0:55  Drone  
  17  1:00  Drone  
  18  1:10  Extractor  
  17  1:14  Spawning Pool  
  17  1:16  Drone  
  17  1:25  Drone  
  17  1:28  Drone  
  19  1:40  Drone  
  20  1:55  Overlord  
  20  2:03  Queen  
  20  2:05  Queen  
  24  2:12  Hatchery  
  23  2:17  Drone  
  23  2:19  Drone  
  26  2:22  Drone  
  26  2:25  Drone  
  27  2:31  Spine Crawler  
  27  2:37  Zergling x2  
Tags
 
Matchup
PvZ
Replay Pack
Replays
Spawn Locations
Cross Positions
Add a new tag
Caveats
  • Supply blocks, unpowered buildings, or Contaminate may cause inaccurate times.
  • Supply counts are checked every 10 seconds.